 Dungeon Crawl Stone Soup version 0.18-a0-1140-g8540535 (webtiles) character file.

2900 Duffy the Destroyer (level 9, -2/52 HPs)
             Began as a Deep Elf Conjurer on Jan 21, 2016.
             Was an Initiate of Vehumet.
             Slain by Joseph
             ... wielding a +0 quarterstaff
              (13 damage)
             ... on level 8 of the Dungeon.
             The game lasted 00:12:25 (8580 turns).

Duffy the Destroyer (Deep Elf Conjurer)             Turns: 8580, Time: 00:12:25

Health: -2/52      AC:  6    Str:  5    XL:     9   Next: 49%
Magic:  2/24       EV: 17    Int: 24    God:    Vehumet [......]
Gold:   354        SH:  2    Dex: 15    Spells: 4 memorised, 14 levels left

rFire  + . .     SeeInvis .     e - +0 dagger (freeze)
rCold  . . .     Gourm    .     a - +0 robe
rNeg   . . .     Faith    .     (no shield)
rPois  .         Spirit   .     I - +0 helmet
rElec  .         Dismiss  .     p - +0 cloak
rCorr  .         Reflect  +     t - +1 pair of gloves
SustAt .         Harm     .     (no boots)
MR     .....                    m - +2 amulet of reflection
Stlth  ++........               K - ring "Iwned" {EV+2 Slay+3}
                                j - ring of protection from fire

@: not resistant to hostile enchantments, unstealthy
A: no striking features
a: Renounce Religion


You were on level 8 of the Dungeon.
You worshipped Vehumet.
Vehumet was noncommittal.
You were not hungry.

You visited 2 branches of the dungeon, and saw 9 of its levels.

You collected 354 gold pieces.


   Skills:
 + Level 3.7 Fighting
 + Level 6.2 Dodging
 - Level 2.4 Stealth
 - Level 9.0 Spellcasting
 - Level 10.2 Conjurations
 - Level 5.0 Charms


You had 14 spell levels left.
You knew the following spells:

 Your Spells              Type           Power        Failure   Level  Hunger
a - Magic Dart            Conj           ####         1%          1    None
i - Iskenderun's Battles  Conj/Chrm      #####...     10%         5    ####...
l - Iskenderun's Mystic   Conj           ######..     1%          4    ##.....
s - Searing Ray           Conj           ######       1%          2    None

Inventory:

Hand Weapons
 e - a +0 dagger of freezing (weapon)
 f - the +5 hand axe "Petunuecusch" {freeze, -Tele rC+ rN+++ Dex+3, unknown}

   It has been specially enchanted to freeze those struck by it, causing extra
   injury to most foes and up to half again as much damage against particularly
   susceptible opponents.
   It can also slow down cold-blooded creatures.
   It affects your dexterity (+3).
   It protects you from cold.
   It renders you almost immune to negative energy.
   It prevents most forms of teleportation.
Missiles
 y - 32 poisoned needles
Armour
 a - a +0 robe (worn)
 p - a +0 cloak (worn)
 t - a +1 pair of gloves (worn)
 G - a +0 buckler
 I - a +0 helmet (worn)
Jewellery
 j - a ring of protection from fire (left hand)
 m - a +2 amulet of reflection (around neck)
 n - an uncursed ring of sustain attributes
 q - a +2 ring of strength
 x - a +3 ring of slaying
 K - the ring "Iwned" (right hand) {EV+2 Slay+3}

   [ring of evasion]

   It affects your evasion (+2).
   It affects your accuracy and damage with ranged weapons and melee attacks
   (+3).
Wands
 J - a wand of magic darts (36/48)
 M - a wand of teleportation (5/9)
 N - a wand of confusion (6/48)
 P - a wand of disintegration (9/24)
 Q - a wand of lightning (9/15)
Scrolls
 d - 6 scrolls of teleportation
 h - 3 scrolls of enchant armour
 i - a scroll of amnesia {unknown}
 k - 2 scrolls of recharging {unknown}
 v - a scroll of magic mapping {unknown}
 A - a scroll of random uselessness {unknown}
 C - 2 scrolls of blinking
 E - 3 scrolls of remove curse
 F - a scroll of enchant weapon {unknown}
 H - a scroll of fear {unknown}
Potions
 g - a potion of haste
 l - 3 potions of brilliance
 s - 2 potions of ambrosia
 u - 2 potions of heal wounds
 z - 4 potions of curing
 D - 2 potions of might
Books
 b - a book of Conjurations
 B - a book of the Earth
Comestibles
 c - 8 bread rations
 o - 3 meat rations
 r - a beef jerky
 w - a royal jelly
 L - a slice of pizza
 O - 3 chunks of flesh

Dungeon Overview and Level Annotations

Branches:
Dungeon (8/15)             Temple (1/1) D:6
   Lair: D:8-11

Altars:
Ashenzari
Cheibriados
Dithmenos
Elyvilon
Fedhas
Gozag
Kikubaaqudgha
Makhleb
Nemelex Xobeh
Okawaru
Pakellas
Qazlal
Ru
Sif Muna
Trog
Vehumet
Xom
Yredelemnul
Zin
The Shining One

Annotations:
D:8 Joseph


Message History

Cast which spell? (? or * to list)
You don't know that spell.
Cast which spell? (? or * to list)
Aiming: Iskenderun's Mystic Blast
Press: ? - help, Shift-Dir - straight line, f/p - Joseph
Aim: Joseph, wielding a quarterstaff and wearing a shiny ring mail (severely wounded, berserk, fast, unusually strong)
The orb of energy hits Joseph.
Joseph is severely wounded.
The orb of energy explodes!
Your battlesphere fires!
The barrage of energy hits Joseph.
Joseph is almost dead.
Joseph barely misses you.
Cast which spell? (? or * to list)
You don't have enough magic to cast that spell.
Cast which spell? (? or * to list)
Aiming: Magic Dart
Press: ? - help, Shift-Dir - straight line, f/p - Joseph
Aim: Joseph, wielding a quarterstaff and wearing a shiny ring mail (almost dead, berserk, fast, unusually strong)
The magic dart hits Joseph.
Joseph is almost dead.
Your battlesphere fires!
The barrage of energy hits Joseph.
Joseph is almost dead.
Joseph completely misses you. Joseph hits you but does no damage.
Joseph hits your battlesphere with an uncursed quarterstaff!
Your battlesphere is destroyed!
Joseph completely misses you.
Joseph rages.
You block Joseph's attack. You block Joseph's attack.
Joseph rages.
Joseph hits you with an uncursed quarterstaff!
You die...

.....................#.#
#.........#)#######.#
#...#####.#.# #.#
#.###..## #.#)### #.#
#......# #.#...## #.#
######.######......####.#
#....................#
#.#.#######.....######
#.#.....@@..)..##
##0#.############
#######....# .......(...#
#######(.(.# ..@.0.(....#
############


You could see Joseph (berserk).

Action                   |  1- 3 |  4- 6 |  7- 9 || total
-------------------------+-------+-------+-------++-------
 Cast: Magic Dart        |    73 |    52 |   114 ||   239
       Searing Ray       |     1 |    16 |    17 ||    34
       Iskenderun's Batt |       |       |    20 ||    20
       Iskenderun's Myst |       |       |     1 ||     1
  Use: Scroll            |       |     9 |     3 ||    12
  Eat: Chunk             |     2 |     7 |    12 ||    21
       Fruit             |       |     2 |       ||     2
       Royal jelly       |       |       |     2 ||     2

Notes
Turn   | Place    | Note
--------------------------------------------------------------
     0 | D:1      | Duffy the Deep Elf Conjurer began the quest for the Orb.
     0 | D:1      | Reached XP level 1. HP: 10/10 MP: 6/6
   152 | D:1      | Reached XP level 2. HP: 15/15 MP: 2/8
   251 | D:1      | Learned a level 2 spell: Searing Ray
   494 | D:1      | Reached skill level 4 in Spellcasting
   804 | D:1      | Reached XP level 3. HP: 19/19 MP: 4/10
  1325 | D:1      | Reached skill level 5 in Conjurations
  1688 | D:2      | Reached skill level 5 in Spellcasting
  1688 | D:2      | Reached XP level 4. HP: 24/24 MP: 9/13
  1722 | D:2      | Learned a level 4 spell: Iskenderun's Mystic Blast
  2381 | D:3      | Noticed Welfe's ghost (amateur KoAs)
  2407 | D:3      | Killed Welfe's ghost
  2407 | D:3      | Reached XP level 5. HP: 24/28 MP: 5/15
  2460 | D:3      | Reached skill level 6 in Spellcasting
  2507 | D:3      | Learned a level 5 spell: Iskenderun's Battlesphere
  3158 | D:3      | Reached skill level 6 in Conjurations
  3335 | D:4      | Reached skill level 1 in Charms
  3390 | D:4      | Reached XP level 6. HP: 32/32 MP: 4/17
  3725 | D:4      | Reached skill level 2 in Charms
  4087 | D:5      | Entered Level 5 of the Dungeon
  4151 | D:5      | Got a translucent hand axe
  4462 | D:5      | Found a deep blue altar of Sif Muna.
  4466 | D:5      | Found a snail-covered altar of Cheibriados.
  4469 | D:5      | Found a burning altar of Makhleb.
  4719 | D:5      | Found an opulent altar of Gozag.
  4853 | D:5      | Noticed a sky beast
  4858 | D:5      | Killed a sky beast
  4858 | D:5      | Reached skill level 3 in Charms
  4948 | D:5      | Reached skill level 7 in Spellcasting
  4948 | D:5      | Reached skill level 7 in Conjurations
  4948 | D:5      | Reached XP level 7. HP: 36/36 MP: 9/19
  5405 | D:6      | Reached skill level 4 in Charms
  5633 | D:6      | Reached skill level 8 in Conjurations
  5673 | D:6      | Found a bloodstained altar of Trog.
  5819 | D:6      | Reached skill level 5 in Charms
  5839 | D:6      | Reached XP level 8. HP: 41/41 MP: 17/21
  6231 | D:6      | Found a staircase to the Ecumenical Temple.
  6237 | Temple   | Entered the Ecumenical Temple
  6479 | Temple   | Became a worshipper of Vehumet
  6521 | D:6      | Reached skill level 8 in Spellcasting
  6652 | D:7      | Found an oddly glowing altar of Pakellas.
  6710 | D:7      | Noticed Menkaure
  6717 | D:7      | Killed Menkaure
  6748 | D:7      | Got a smoking jade ring
  6750 | D:7      | Identified the ring "Iwned" {EV+2 Slay+3} (You found it on level 7 of the Dungeon)
  6763 | D:7      | Reached skill level 9 in Conjurations
  6980 | D:7      | Reached skill level 9 in Spellcasting
  7570 | D:7      | Found a sparkling altar of Nemelex Xobeh.
  7613 | D:7      | Reached skill level 10 in Conjurations
  7777 | D:7      | Noticed Pikel
  7784 | D:7      | Killed Pikel
  7784 | D:7      | Reached skill level 2 in Fighting
  7784 | D:7      | Reached skill level 4 in Dodging
  7784 | D:7      | Reached XP level 9. HP: 44/48 MP: 5/24
  8073 | D:8      | Found a sacrificial altar of Ru.
  8080 | D:8      | Reached skill level 5 in Dodging
  8153 | D:8      | Reached skill level 3 in Fighting
  8373 | D:8      | Reached skill level 6 in Dodging
  8551 | D:8      | Noticed Joseph
  8580 | D:8      | Slain by Joseph

Vault maps used:
D:1:      matt_arrival_spirals, minmay_misc_feat_nine_boxes, st_stairs_11,
          minmay_misc_feat_roman
D:2:      minmay_misc_feat_pillars
D:3:      first_bread
D:4:      serial_glass, glass_columns_a, glass_columns_c, grunt_ministairs_11
D:5:      grunt_gozag_breadcrumbs, minmay_overflow_temple_star_quad
D:6:      minmay_temple_entry_enclosed_plants, bloody_trog
D:7:      basic_altar, nemelex_altar_shiori, uniq_menkaure, uniq_pikel
D:8:      old_standard_altar, serial_shops, shop, david_nohive_1, uniq_joseph
Temple:   minmay_temple_curvy_14

Vanquished Creatures
  Pikel
  A hippogriff Menkaure
  A water moccasin
  An orc warrior
  A sky beast
  4 slaves
  A black bear
  An ice beast
  4 ogres
  2 centaurs
  The ghost of Welfe the Sneak, an amateur KoAs
  6 giant frogs
  2 scorpions
  A centaur zombie
  4 crimson imps
  2 hounds
  A quasit
  2 orc priests
  An orc wizard
  2 worker ants
  An iguana
  A hound zombie
  A worker ant zombie
  9 adders
  6 gnolls
  2 oozes
  2 adder skeletons
  2 worms
  6 giant geckos
  13 orcs
  5 giant cockroaches
  4 goblins
  6 hobgoblins
  2 jackals
  10 kobolds
  2 ball pythons
  A bat
  6 giant newts
  A quokka zombie
  8 rats
128 creatures vanquished.
